 Dungeon Crawl Stone Soup version 0.28.0-53-g5a82cb258f (webtiles) character file.

Game seed: 14568856852004131200

55 styxcanada the Sneak (level 3, 0/18 HPs)
             Began as a Spriggan Brigand on June 15, 2022.
             Slain by Grinder (4 damage)
             ... while paralysed by Grinder
             ... on level 3 of the Dungeon.
             The game lasted 00:07:04 (1926 turns).

styxcanada the Sneak (Spriggan Brigand)             Turns: 1926, Time: 00:07:04

Health: 0/18       AC:  3    Str:  7    XL:     3   Next: 67%
Magic:  4/4        EV:  4    Int: 12    God:
Gold:   41         SH:  0    Dex: 18    Spells: 2/2 levels left

rFire   . . .      SeeInvis +   a - +2 dagger
rCold   . . .      Faith    .   (no shield)
rNeg    . . .      Spirit   .   b - +0 robe
rPois   .          Reflect  .   (helmet restricted)
rElec   .          Harm     .   c - +0 cloak
rCorr   .          Rampage  .   (gloves unavailable)
Will    .....                   (boots unavailable)
Stlth   ++++......              (no amulet)
HPRegen 0.06/turn               (no ring)
MPRegen 0.09/turn               (no ring)

@: paralysed, very quick
A: very small, no large weapons, unfitting armour, see invisible, speed 3
a: no special abilities


You were on level 3 of the Dungeon.
You visited 1 branch of the dungeon, and saw 3 of its levels.

You collected 41 gold pieces.

Inventory:

Hand Weapons
 a - a +2 dagger (weapon)
 g - a +0 hunting sling
Missiles
 d - a poisoned dart (quivered)
 e - 2 boomerangs
 m - 27 stones
 p - 19 sling bullets
 q - 2 curare-tipped darts
Armour
 b - a +0 robe (worn)
 c - a +0 cloak (worn)
Magical Staves
 i - a staff of poison
Scrolls
 h - a scroll of fog {unknown}
 k - a scroll of vulnerability {unknown}
 l - 6 scrolls of identify {unknown}
 o - a scroll of blinking {unknown}
 r - a scroll of enchant weapon {unknown}
Potions
 f - a potion of mutation {unknown}
 j - 2 potions of curing
 n - a potion of resistance {unknown}


   Skills:
 * Level 1.9 Fighting
 + Level 2.4 Short Blades
 + Level 2.2 Throwing
 * Level 2.3 Dodging
 * Level 7.2 Stealth


You had 2 spell levels left.
You didn't know any spells.
Your spell library was empty.

Dungeon Overview and Level Annotations

Branches:
Dungeon (3/15)

Altars:

Shops:
D:1 *   D:2 (

Annotations:
D:3 Grinder


Innate Abilities, Weirdness & Mutations

You are very small and have problems with some larger weapons.
You are too small for most types of armour.
You have supernaturally acute eyesight. (SInv)
You cover ground extremely quickly. (Speed+++)


Message History

Throw: 6 darts (poison)
Press: ? - help, Q - select action, (/) - cycle Shift-Dir - straight line, f - kobold
Aim: a kobold, wielding a +0 dagger and quivering poisoned darts (wandering, hasn't noticed you, 55% to hit)
Okay, then.
A goblin comes into view. It is wielding a +0 dagger.
r - a scroll labelled MEAMEF JIMUACHUXT
There are no items here.
Throw: 6 darts (poison)
Press: ? - help, Q - select action, (/) - cycle Shift-Dir - straight line, f - Grinder
Aim: Grinder (58% to hit)
You throw a poisoned dart. The poisoned dart hits Grinder.
Grinder is poisoned.
Throw: 5 darts (poison)
Press: ? - help, Q - select action, (/) - cycle Shift-Dir - straight line, f/p - Grinder
Aim: Grinder (poisoned, 58% to hit)
You throw a poisoned dart.
The poisoned dart barely misses Grinder.
Throw: 4 darts (poison)
Press: ? - help, Q - select action, (/) - cycle Shift-Dir - straight line, f/p - Grinder
Aim: Grinder (poisoned, 58% to hit)
You throw a poisoned dart. The poisoned dart hits Grinder.
Grinder drinks a potion.
Grinder looks more healthy.
Throw: 3 darts (poison)
Press: ? - help, Q - select action, (/) - cycle Shift-Dir - straight line, f/p - Grinder
Aim: Grinder (58% to hit)
You throw a poisoned dart. The poisoned dart hits Grinder.
Grinder is poisoned.
Throw: 2 darts (poison)
Press: ? - help, Q - select action, (/) - cycle Shift-Dir - straight line, f/p - Grinder
Aim: Grinder (lightly wounded, poisoned, 58% to hit)
You throw a poisoned dart.
The poisoned dart barely misses Grinder.
Grinder hits you.
You hit Grinder.
Grinder is lightly wounded.
Grinder gestures at you.
You suddenly lose the ability to move!
Grinder gestures at you. Pain shoots through your body!
* * * LOW HITPOINT WARNING * * *
Grinder hits you.
You die...

#.# #.#..#.......g
#.###.##.#......(.
###.#...............
#.....<........5....
#.#.<...##.#(###...
#.#.###.##.#(# #.#.# #....#K#
#.#.###.##.#5# .##
#..........@.# ..#
#..##........# #.#
#......###.### #.#
####...##.###.# #.#
#.............# #.#
#.##...#..##..#########.#######
##.#.#.#.#.##..##...............
#..........##..##.#######.######
##.##'##.####.# #.# #(#


You could see Grinder (poisoned) and a kobold.

Vanquished Creatures
  An adder (D:3)
  A dart slug (D:2)
  4 orcs (D:3)
  5 bats
  6 endoplasms
  A giant cockroach (D:2)
  3 hobgoblins
  2 jackals (D:2)
  3 kobolds
  A quokka (D:1)
  5 ball pythons
  3 frilled lizards
  2 rats (D:2)
37 creatures vanquished.

Notes
Turn   | Place    | Note
-------+----------+-------------------------------------------
     0 | D:1      | styxcanada the Spriggan Brigand began the quest for the
                  | Orb.
     0 | D:1      | Reached XP level 1. HP: 10/10 MP: 2/2
    52 | D:1      | Found Quaxza's General Store.
   158 | D:1      | Reached skill level 6 in Stealth
   562 | D:1      | Reached XP level 2. HP: 14/14 MP: 3/3
   641 | D:1      | Found a faded altar of an unknown god.
  1090 | D:2      | Found Jaimp's Antique Weapon Shop.
  1321 | D:2      | Reached XP level 3. HP: 18/18 MP: 4/4
  1484 | D:3      | Noticed Grinder
  1506 | D:3      | Reached skill level 7 in Stealth
  1508 | D:3      | Paralysed by Grinder for 4 turns
  1924 | D:3      | Paralysed by Grinder for 4 turns
  1926 | D:3      | Slain by Grinder

Illustrated notes

Levels and vault maps discovered:
D:1:      lightli_arrival_noodles, layout_basic,
          dreamdust_ecumenical_altar_hidden_monk_grotto, serial_shops,
          nicolae_shop_statue_plus
D:2:      layout_rooms, serial_shops, nicolae_shop_statue_plus
D:3:      layout_loops_ring, minmay_misc_feat_doors, minmay_misc_feat_enclosed,
          uniq_grinder, uniq_robin

Skill      XL: |  1  2  3 |
---------------+----------+-----
Stealth        | 6 7 |  7.2
Dodging        | 2 |  2.3
Fighting       | |  1.9
Short Blades   | |  2.4
Throwing       | |  2.2

Action                   || total
-------------------------++-------
Melee: Dagger            ||    93
       Punch             ||     1
 Fire: Hunting sling     ||     7
Throw: Dart              ||    26
       Stone             ||     1
 Stab: Sleeping          ||    13
Armor: Robe              ||    13
Dodge: Dodged            ||    55
